 Dungeon Crawl Stone Soup version 0.27.1-3-gb3d3a73c9e (webtiles) character file.

Game seed: 5468248629081469154

2943 styxcanada the Covert (level 9, -2/40 (44) HPs)
             Began as a Spriggan Brigand on Oct 5, 2021.
             Was an Initiate of Gozag.
             Slain by a wight (3 damage)
             ... on level 8 of the Dungeon.
             The game lasted 00:52:49 (11831 turns).

styxcanada the Covert (Spriggan Brigand)           Turns: 11831, Time: 00:52:50

HP:   -2/40 (44)    AC:  4    Str: 13    XL:     9   Next: 51%
MP:   0/17          EV: 20    Int: 12    God:    Gozag
Gold: 495           SH:  6    Dex: 20    Spells: 9/17 levels left

rFire    . . .     SeeInvis +   a - +3 dagger
rCold    . . .     Faith    .   H - +0 buckler
rNeg     . . .     Spirit   +   b - +0 robe
rPois    .         Reflect  .   i - +1 hat
rElec    .         Harm     .   c - +0 cloak
rCorr    .         Rampage  .   (gloves unavailable)
Will     +....                  (boots unavailable)
Stlth    +++++.....             v - amulet of guardian spirit
HPRegen  0.13/turn              j - +6 ring of strength
MPRegen  0.15/turn              (no ring)

@: drained, very quick
A: very small, no large weapons, unfitting armour, see invisible, speed 3
a: Renounce Religion, Potion Petition, Call Merchant, Bribe Branch


You were on level 8 of the Dungeon.
You worshipped Gozag.
Gozag was aware of your devotion.
You visited 2 branches of the dungeon, and saw 9 of its levels.
You also visited: Sewer.

You collected 623 gold pieces.
You paid 128 gold pieces to Gozag.

Inventory:

Hand Weapons
 a - a +3 dagger (weapon)
 h - a +0 hunting sling
Missiles
 e - 26 poisoned darts (quivered)
 k - 53 sling bullets
 m - 182 stones
 t - a curare-tipped dart
Armour
 b - a +0 robe (worn)
 c - a +0 cloak (worn)
 i - a +1 hat (worn)
 H - a +0 buckler (worn)
Magical Staves
 o - a staff of poison
Jewellery
 j - a +6 ring of strength (left hand)
 v - an amulet of guardian spirit (around neck)
 F - a ring of magical power
Wands
 q - a wand of digging (3)
 x - a wand of polymorph (10)
 G - a wand of flame (7)
Scrolls
 d - a scroll of summoning
 w - 3 scrolls of magic mapping
 y - a scroll of enchant weapon
 B - 2 scrolls of teleportation
Potions
 f - 3 potions of brilliance
 g - a potion of ambrosia
 l - a potion of haste
 n - 2 potions of degeneration
 p - a potion of curing
 r - a potion of lignification {unknown}
 s - a potion of might {unknown}
 u - a potion of invisibility {unknown}
 z - a potion of cancellation {unknown}
 A - a potion of resistance {unknown}
 C - 4 potions of flight
 I - a potion of attraction {unknown}


   Skills:
 + Level 3.4 Fighting
 + Level 5.2 Short Blades
 + Level 1.0(3.4) Slings
 + Level 4.3(4.4) Throwing
 * Level 5.4 Dodging
 * Level 10.9 Stealth
 * Level 1.0 Shields
 * Level 4.7 Spellcasting
 * Level 2.6 Summonings
 * Level 5.0 Translocations
 * Level 1.7 Transmutations
 * Level 0.3 Air Magic
 * Level 1.3 Poison Magic
 * Level 5.1 Evocations


You had 9 spell levels left.
You knew the following spells:

 Your Spells              Type           Power      Damage    Failure   Level
a - Blink                 Tloc           N/A        N/A       6%          2
b - Call Canine Familiar  Summ           9%         N/A       30%         3
c - Sting                 Tmut/Pois      24%        1d4       16%         1
d - Poisonous Vapours     Pois/Air       8%         N/A       32%         2

Your spell library contained the following spells:

 Spells                   Type           Power      Damage    Failure   Level
 Summon Small Mammal      Summ           36%        N/A       11%         1
 Lesser Beckoning         Tloc           7%         N/A       12%         3
 Freeze                   Ice            8%         1d3       30%         1
 Passwall                 Tmut/Erth      3%         N/A       32%         2
 Summon Guardian Golem    Hex/Summ       6%         N/A       47%         3
 Swiftness                Air            3%         N/A       63%         3
 Frozen Ramparts          Ice            4%         1d2       67%         3
 Manifold Assault         Tloc           14%        N/A       73%         5
 Olgreb's Toxic Radiance  Pois           6%         N/A       86%         4
 Summon Ice Beast         Ice/Summ       6%         N/A       87%         4
 Hailstorm                Conj/Ice       2%         3d3       97%         4
 Summon Mana Viper        Hex/Summ       6%         N/A       99%         5
 Invisibility             Hex            1%         N/A       100%        6
 Monstrous Menagerie      Summ           4%         N/A       100%        7


Dungeon Overview and Level Annotations

Branches:
Dungeon (8/15)             Temple (1/1) D:7           Sewer (visited)
   Lair: D:8-11

Altars:
Dithmenos
Elyvilon
Fedhas
Gozag
Nemelex Xobeh
Okawaru
Qazlal
Ru
Sif Muna
Trog
Vehumet
Yredelemnul

Shops:
D:2 [   D:4 !


Innate Abilities, Weirdness & Mutations

You are very small and have problems with some larger weapons.
You are too small for most types of armour.
You have supernaturally acute eyesight. (SInv)
You cover ground extremely quickly. (Speed+++)


Message History

The wight is lightly damaged.
The wight misses you.
You barely miss the wight.
The wight is lightly damaged.
You hit the wight but do no damage.
The wight is lightly damaged.
The wight closely misses you.
You hit the wight but do no damage.
The wight is lightly damaged.
You block the wight's attack.
You barely miss the wight.
The wight is lightly damaged.
The wight closely misses you.
You hit the wight but do no damage.
The wight is lightly damaged.
The wight hits you with a +3 war axe of freezing!
The wight freezes you.
You hit the wight.
The wight is lightly damaged.
The wight hits you with a +3 war axe of freezing!
You feel drained. The wight freezes you.
You hit the wight.
The wight is moderately damaged.
You block the wight's attack.
You barely miss the wight.
The wight is moderately damaged.
You closely miss the wight.
The wight is moderately damaged.
The wight hits you with a +3 war axe of freezing!
The wight freezes you.
* * * LOW HITPOINT WARNING * * *
You hit the wight.
The wight is heavily damaged.
The wight hits you with a +3 war axe of freezing!
* * * LOW HITPOINT WARNING * * *
You feel drained.
* * * LOW HITPOINT WARNING * * *
The wight freezes you.
You die...
Your body crumbles into a pile of gold.

#..... #..... ####..
##...# ###.....
###...##.. #.#
##......... #....######
##..........
#zzz@..###...........
.....#####..............
... ###............ .
#............
##.........).
##.......... #.#........
#.###...... #..####...#


You could see 3 wights.

Vanquished Creatures
  A centaur zombie (D:6)
  Edmund (D:6)
  A water moccasin (D:7)
  An orc warrior (D:8)
  Duvessa (D:6)
  An ice beast (D:7)
  3 ogres
  3 centaurs (D:8)
  A bullfrog (D:8)
  2 gnoll sergeants
  Dowan (D:6)
  A wyvern skeleton (D:7)
  2 scorpions
  4 wights (D:8)
  4 hounds
  An orc priest (D:8)
  2 centaur skeletons
  3 jellies
  2 bullfrog skeletons (D:5)
  3 iguanas
  Natasha (D:2)
  A merfolk siren (Sewer)
  5 orc wizards
  A merfolk avatar (Sewer)
  2 hound zombies (D:5)
  A hound skeleton (D:5)
  8 adders
  9 gnolls
  A howler monkey skeleton (D:7)
  4 river rats
  A shadow imp (D:7)
  A white imp (D:5)
  3 worms
  3 dart slugs
  24 orcs
  11 ball pythons
  9 endoplasms
  7 giant cockroaches
  7 goblins
  5 hobgoblins
  10 jackals
  4 kobolds
  3 quokkas
  9 bats
  9 frilled lizards
  29 rats
206 creatures vanquished.

Notes
Turn   | Place    | Note
-------+----------+-------------------------------------------
     0 | D:1      | styxcanada the Spriggan Brigand began the quest for the
                  | Orb.
     0 | D:1      | Reached XP level 1. HP: 10/10 MP: 2/2
    10 | D:1      | Reached skill level 6 in Stealth
   558 | D:1      | Reached XP level 2. HP: 13/14 MP: 3/3
  1142 | D:1      | Reached XP level 3. HP: 11/18 MP: 4/4
  1782 | D:2      | Reached skill level 1 in Spellcasting
  1839 | D:2      | Found a stormy altar of Qazlal.
  1876 | D:2      | Reached skill level 7 in Stealth
  1943 | D:2      | Learned a level 2 spell: Blink
  1976 | D:2      | Found a faded altar of an unknown god.
  1977 | D:2      | Found Mieskoqo's Armour Shoppe.
  2404 | D:2      | Reached XP level 4. HP: 23/23 MP: 6/6
  2535 | D:2      | Noticed Natasha
  2546 | D:2      | Killed Natasha
  3877 | D:4      | Reached XP level 5. HP: 19/26 MP: 8/8
  4420 | D:4      | Reached skill level 8 in Stealth
  4665 | D:4      | Reached XP level 6. HP: 19/32 MP: 10/10
  5119 | D:4      | Reached skill level 1 in Translocations
  5119 | D:4      | Reached skill level 1 in Evocations
  5260 | D:4      | Found Loisop's Distillery.
  5316 | D:5      | Entered Level 5 of the Dungeon
  5338 | D:5      | Reached skill level 1 in Poison Magic
  5457 | D:5      | Reached XP level 7. HP: 35/35 MP: 11/11
  5463 | D:5      | Learned a level 3 spell: Call Canine Familiar
  6241 | D:5      | Reached skill level 1 in Summonings
  6622 | D:6      | Noticed Duvessa
  6628 | D:6      | Noticed Dowan
  6630 | D:6      | Killed Duvessa
  6631 | D:6      | Reached skill level 9 in Stealth
  6673 | D:6      | Killed Dowan
  6799 | D:6      | Reached XP level 8. HP: 39/39 MP: 13/13
  7201 | D:6      | Noticed Edmund
  7257 | D:6      | Killed Edmund
  7375 | D:6      | Reached skill level 1 in Slings
  7382 | D:6      | Found a glowing drain.
  7394 | Sewer    | Entered a sewer
  7899 | Sewer    | HP: 2/40 [sickly merfolk siren (13)]
  8639 | D:6      | Reached skill level 10 in Stealth
  9008 | D:7      | Found a staircase to the Ecumenical Temple.
  9008 | D:7      | You fall into a shaft and drop 1 floor!
  9079 | D:8      | Reached skill level 5 in Dodging
  9160 | D:8      | Found a white marble altar of Elyvilon.
  9348 | D:8      | Reached XP level 9. HP: 28/44 MP: 10/16
  9666 | Temple   | Entered the Ecumenical Temple
  9675 | Temple   | Became a worshipper of Gozag Ym Sagoz the Greedy
  9886 | D:7      | Reached skill level 5 in Short Blades
 10634 | D:8      | Identified a scroll of acquirement
 10634 | D:8      | Acquired a Young Poisoner's Handbook
 10638 | D:8      | Learned a level 1 spell: Sting
 10641 | D:8      | Learned a level 2 spell: Poisonous Vapours
 11174 | D:8      | Reached skill level 1 in Transmutations
 11218 | D:8      | Reached skill level 5 in Translocations
 11322 | D:8      | Reached skill level 1 in Shields
 11325 | D:8      | Reached skill level 5 in Evocations
 11831 | D:8      | HP: 1/40 [wight (2)]
 11831 | D:8      | Slain by a wight

Illustrated notes

Levels and vault maps discovered:
D:1:      dpeg_arrival_stonehenge_8_columns, layout_basic
D:2:      layout_loops_corners, basic_altar,
          shapermc_ecumenical_altar_totnotflames, serial_shops,
          nicolae_shop_waterfront, uniq_natasha
D:3:      layout_basic, lemuel_another_geyser
D:4:      layout_loops_cross, serial_shops, shop
D:5:      layout_rooms, chequers_serial_rivers_micro_a
D:6:      layout_basic, portal_sewer_entry_e, uniq_edmund, uniq_duvessa
D:7:      layout_loops_ring, lemuel_temple_firewalk_b
D:8:      layout_cave_pods, mainiacjoe_overflow_small_starburst
Temple:   grunt_wide_crystal_templ

Skill      XL: |  1  2  3  4  5  6  7  8  9 |
---------------+----------------------------+-----
Stealth        | 6 7 8 9 10 | 10.9
Spellcasting   | 1 2 3 4 |  4.7
Short Blades   | 3 4 5 |  5.2
Fighting       | 2 3 |  3.4
Dodging        | 2 3 4 5 |  5.4
Translocations | 1 2 4 5 |  5.0
Evocations     | 1 2 3 5 |  5.1
Throwing       | 3 4 |  4.3
Poison Magic   | 1 |  1.3
Summonings     | 1 2 |  2.6
Slings         | 1 |  1.0
Transmutations | 1 |  1.7
Shields        | 1 |  1.0
Air Magic      | |  0.3

Action                   |  1- 3 |  4- 6 |  7- 9 || total
-------------------------+-------+-------+-------++-------
Melee: Dagger            |   136 |   141 |   417 ||   694
 Fire: Hunting sling     |       |       |     7 ||     7
Throw: Dart              |    15 |    58 |   116 ||   189
       Stone             |       |       |     2 ||     2
 Cast: Sting             |       |       |     3 ||     3
       Blink             |       |       |     1 ||     1
Evoke: Wand              |       |       |    10 ||    10
  Use: Scroll            |     2 |     2 |     6 ||    10
       Potion            |       |       |     3 ||     3
 Stab: Sleeping          |    10 |    10 |    30 ||    50
       Distracted        |       |       |     2 ||     2
Armor: Robe              |    18 |    15 |    57 ||    90
Dodge: Dodged            |    88 |   109 |   267 ||   464
Block: Buckler           |       |       |    28 ||    28
